 Dungeon Crawl Stone Soup version 0.25.0-9-g26727b657a (webtiles) character file.

Game seed: 7732757454352414576

125 inmateoo the Bolt Thrower (level 5, -4/46 HPs)
             Began as a Kobold Arcane Marksman on June 18, 2020.
             Killed by divine providence
             ... invoked by an orc priest
              (15 damage)
             ... on level 5 of the Dungeon.
             The game lasted 00:04:36 (3058 turns).

inmateoo the Bolt Thrower (Kobold Arcane Marksman)  Turns: 3058, Time: 00:04:37

Health: -4/46      AC: 22    Str:  8    XL:     5   Next: 30%
Magic:  6/6        EV:  3    Int: 14    God:
Gold:   126        SH:  0    Dex: 16    Spells: 5/6 levels left

rFire    . . .     SeeInvis .   i - +0 dagger (venom)
rCold    . . .     Gourm    .   (shield restricted)
rNeg     + + +     Faith    .   (armour currently unavailable)
rPois    +         Spirit   .   (helmet currently unavailable)
rElec    .         Reflect  .   (cloak currently unavailable)
rCorr    .         Harm     .   (gloves currently unavailable)
MR       .....     NoTele   +   (boots currently unavailable)
Stlth    +.........             (no amulet)
HPRegen  0.15/turn              (no ring)
MPRegen  0.10/turn              (no ring)

@: confused, lethally poisoned (-4 -> -6), tree-form, very slightly
contaminated, invisible
A: small, carnivore
a: no special abilities


You were on level 5 of the Dungeon.
You were completely stuffed.
You were a tree.
You visited 1 branch of the dungeon, and saw 5 of its levels.

You collected 126 gold pieces.

Inventory:

Hand Weapons
 a - a +1 hand crossbow
 i - a +0 dagger of venom (weapon)
Missiles
 d - 13 bolts
 p - 28 poisoned darts (quivered)
Armour
 t - a +2 leather armour of poison resistance (melded)
 u - a +2 helmet (melded)
Jewellery
 m - an uncursed ring of fire
Scrolls
 e - a scroll of noise {unknown}
 j - a scroll of enchant weapon
 k - a scroll of immolation {unknown}
 l - 2 scrolls of identify {unknown}
 q - a scroll of remove curse {unknown}
 r - a scroll of enchant armour
Potions
 b - a potion of lignification
 c - a potion of cancellation
 h - a potion of curing {unknown}
 o - a potion of heal wounds {unknown}
Comestibles
 f - 6 rations


   Skills:
 + Level 2.5 Fighting
 + Level 4.9 Crossbows
 - Level 2.4 Dodging
 + Level 2.5 Stealth
 - Level 1.1 Spellcasting
 - Level 3.0 Hexes


You had 5 spell levels left.
You knew the following spells:

 Your Spells              Type           Power        Failure   Level  Hunger
a - Corona                Hex            #......      8%          1    ##.....

Your spell library contained the following spells:

 Spells                   Type           Power        Failure   Level  Hunger
 Slow                     Hex            #.......     12%         2    ###....
 Inner Flame              Hex/Fire       #.......     38%         3    ####...
 Portal Projectile        Hex/Tloc       #.....       38%         3    ####...
 Cause Fear               Hex            #.........   58%         4    #####..
 Leda's Liquefaction      Hex/Erth       #.........   80%         4    #####..


Dungeon Overview and Level Annotations

Branches:
Dungeon (5/15)
 Temple: D:4-7

Altars:
Elyvilon
Trog

Annotations:
D:3 1 transporter


Innate Abilities, Weirdness & Mutations

You are small and have problems with some larger weapons.
You are carnivorous and can eat meat at any time.


Message History

Unknown command.
You barely miss the orc.
You feel sick. The orc closely misses you.
Unknown command.
Really quaff the potion of lignification?
You turn into a tree.
Your +2 helmet melds into your body.
Your +2 leather armour of poison resistance melds into your body.
You no longer feel resistant to poison.
Your roots penetrate the ground.
The orc hits you but does no damage.
The orc priest invokes the aid of Beogh against you.
Beogh smites you!
* * * LOW HITPOINT WARNING * * *
You hit the orc.
The orc is poisoned.
The orc is moderately wounded.
The orc hits you but does no damage.
You are confused.
You feel invigorated.
You kill the orc!
The orc priest calls down the wrath of Beogh upon you.
Beogh smites you!
You die...

.........
.........
.....o...
........#
........#
...o.o..#
........# #####
.......r####....#
......Zoo.O♣....#
.......Z####....#
........# ....#
........# .......
......... ......#
........# ####..#
.......## ..#
.....# ..


You could see an ogre, an orc priest, an orc, a centaur zombie, a quokka and a
quokka skeleton.

Vanquished Creatures
  4 adders
  2 worms (D:2)
  2 leopard geckos
  10 orcs
  2 ball pythons
  5 bats
  7 giant cockroaches
  12 goblins
  6 hobgoblins
  2 jackals (D:5)
  7 kobolds
  7 rats
66 creatures vanquished.

Notes
Turn   | Place    | Note
-------+----------+-------------------------------------------
     0 | D:1      | inmateoo the Kobold Arcane Marksman began the quest for the
                  | Orb.
     0 | D:1      | Reached XP level 1. HP: 12/12 MP: 2/2
   100 | D:1      | Reached skill level 3 in Crossbows
   312 | D:1      | Reached XP level 2. HP: 16/16 MP: 3/3
   608 | D:1      | Reached skill level 4 in Crossbows
   608 | D:1      | Reached XP level 3. HP: 20/20 MP: 4/4
  1510 | D:2      | Found a white marble altar of Elyvilon.
  1599 | D:2      | Reached XP level 4. HP: 24/26 MP: 5/5
  1605 | D:2      | Reached skill level 1 in Stealth
  2465 | D:3      | Found a bloodstained altar of Trog.
  2465 | D:3      | Found a transporter.
  2465 | D:3      | Noticed an ice beast
  2465 | D:3      | Noticed a bullfrog
  2466 | D:3      | Noticed a sky beast
  2659 | D:3      | Reached XP level 5. HP: 28/31 MP: 6/6
  3029 | D:5      | Entered Level 5 of the Dungeon
  3029 | D:5      | Noticed an ogre
  3058 | D:5      | Killed from afar by an orc priest

Illustrated notes

Levels and vault maps discovered:
D:1:      co_arrival_square_in_a_square_in_a_square, layout_loops_ring,
          minmay_misc_feat_iff
D:2:      layout_rooms, elyvilon_altar_1
D:3:      layout_loops_ring, gammafunk_temple_overflow_arena, uniq_grinder
D:4:      layout_basic, zin_angel, first_ration
D:5:      layout_rooms, nicolae_overflow_crystal_walls

Skill      XL: |  1  2  3  4 |
---------------+-------------+-----
Crossbows      | 3 4 |  4.9
Stealth        | 2 |  2.5
Fighting       | 2 |  2.5
Dodging        | |  2.4
Spellcasting   | |  1.1
Hexes          | |  3.0

Action                   |  1- 3 |  4- 6 || total
-------------------------+-------+-------++-------
Melee: Dagger            |    51 |   126 ||   177
 Fire: Hand crossbow     |    42 |     6 ||    48
Throw: Dart              |       |    10 ||    10
  Use: Potion            |       |     6 ||     6
       Scroll            |       |     2 ||     2
 Stab: Sleeping          |       |     2 ||     2
  Eat: Chunk             |     1 |    14 ||    15
Armor: Robe              |    12 |       ||    12
       Ring mail         |       |    14 ||    14
       Leather armour    |       |    13 ||    13
       Skin              |       |    17 ||    17
Dodge: Dodged            |    58 |    82 ||   140
